 Dungeon Crawl Stone Soup version 0.31-a0-1522-g43313d8a59 (webtiles) character file.

Game seed: 12720138508566859243

20960 shadizar the Fighter (level 13, 0/112 HPs)
             Began as a Djinni Fire Elementalist on Dec 30, 2023.
             Was a Priest of Ashenzari.
             Shot with a bolt by Saint Roka (17 damage)
             ... on level 2 of the Orcish Mines.
             The game lasted 00:41:20 (10467 turns).

shadizar the Fighter (Djinni Fire Elementalist)    Turns: 10467, Time: 00:41:23

Health: 0/112      AC:  6    Str:  7    XL:     13   Next: 16%
Gold:   1142       EV: 16    Int: 22    God:    Ashenzari [***...] SH:  4 Dex: 14

rFire   + + .        B - +5 flail "Lashed Together" {Melee, Range} (curse)
rCold   x . .        k - +0 buckler of the Ruined Affliction {Fort, Bglg} (curse)
rNeg    + . .        z - +0 troll leather armour {Pargi}
rPois   ∞            x - +1 hat {Will+}
rElec   .            m - +1 cloak of the Chained Soothsayer {Self, Dev} (curse)
rCorr   .            (no gloves)
SInv    +            (boots unavailable)
Will    ++...        h - amulet of the Enigmatic Sun {Regen+, Bglg, Self} (curse)
Stlth   ++           i - ring of Cremastomancy {EV+5, Bglg, Cun} (curse)
HPRegen 1.98/turn    p - ring of positive energy
MPRegen 0.00/turn

%: clarity, infuse magic (-1 HP)
@: flying
A: sickness immunity, fire resistance 2, cold vulnerability 1, float, innate
caster, HP casting, extra vitality 1
a: Renounce Religion, Shatter the Chains


You were on level 2 of the Orcish Mines.
You worshipped Ashenzari.
Ashenzari was most pleased with you.
You visited 3 branches of the dungeon, and saw 13 of its levels.

You collected 1142 gold pieces.

Inventory:

Hand Weapons
 B - the cursed +5 flail "Lashed Together" (weapon) {Melee, Range}
   (You took it off a wight on level 6 of the Dungeon)

   It has a curse which improves the following skills: Melee Combat: Short
   Blades, Long Blades, Axes, Maces & Flails, Polearms, Staves and Unarmed
   Combat.
   Ranged Combat: Ranged Weapons and Throwing.
Armour
 a - +0 steam dragon scales
 k - the cursed +0 buckler of the Ruined Affliction (worn) {Fort, Bglg}
   (You found it on level 2 of the Dungeon)

   It has a curse which improves the following skills: Fortitude: Armour and
   Shields.
   Beguiling: Hexes and Translocations.
 m - the cursed +1 cloak of the Chained Soothsayer (worn) {Self, Dev}
   (You found it on level 2 of the Dungeon)

   It has a curse which improves the following skills: Introspection: Fighting
   and Spellcasting.
   Devices:   Evocations and Shapeshifting.
 t - a scarf of repulsion
 w - an orb of mayhem
 x - a +1 hat of willpower (worn)
 y - the +5 kite shield of the Elven Halls {Fly rC- rCorr Stlth+}
   (You found it on level 3 of the Dungeon)

   rC-:       It makes you vulnerable to cold.
   Fly:       It grants you flight.
   rCorr:     It protects you from acid and corrosion.
   Stlth+:    It makes you more stealthy.
 z - a +0 troll leather armour (worn) {Pargi}
Magical Staves
 g - a staff of conjuration
Jewellery
 h - the cursed amulet of the Enigmatic Sun (around neck) {Regen+, Bglg, Self}
   (You found it on level 5 of the Dungeon)

   [amulet of regeneration]

   Regen+:    It increases your rate of health regeneration.
   It has a curse which improves the following skills: Beguiling: Hexes and
   Translocations.
   Introspection: Fighting and Spellcasting.
 i - the cursed ring of Cremastomancy (left hand) {EV+5, Bglg, Cun}
   (You found it on level 5 of the Dungeon)

   [ring of evasion]

   EV+5:      It affects your evasion (+5).
   It has a curse which improves the following skills: Beguiling: Hexes and
   Translocations.
   Cunning:   Dodging and Stealth.
 p - a ring of positive energy (right hand)
 C - a ring of ice
Wands
 e - a wand of mindburst (60)
 o - a wand of digging (4)
 D - a wand of roots (16)
Scrolls
 b - 5 scrolls of teleportation
 l - 3 scrolls of identify
 s - a scroll of summoning
 v - a scroll of blinking
Potions
 c - 2 potions of enlightenment
 j - 3 potions of berserk rage
 n - 3 potions of ambrosia
 r - 2 potions of brilliance
 I - a potion of haste


   Skills:
 + Level 14.9(17.0) Fighting
 - Level 2.5(3.8) Dodging
 - Level 1.9(3.0) Stealth
 + Level 11.9(14.0) Spellcasting
 + Level 11.9 Conjurations
 + Level 11.9(14.8) Hexes
 + Level 11.9 Summonings
 + Level 11.9 Necromancy
 + Level 11.9(14.8) Translocations
 + Level 11.9 Fire Magic
 + Level 11.9 Ice Magic
 + Level 11.9 Air Magic
 + Level 11.9 Earth Magic
 + Level 11.9 Alchemy


You knew the following spells:

 Your Spells              Type           Power      Damage    Failure   Level
a - Foxfire               Conj/Fire      100%       2x1d9     1%          1
b - Scorch                Fire           100%       2d9       1%          2
c - Volatile Blastmotes   Fire/Tloc      100%       2d18      1%          3
d - Inner Flame           Hex/Fire       65%        N/A       1%          3
e - Flame Wave            Conj/Fire      61%        2d14      1%          4
f - Summon Small Mammal   Summ           100%       N/A       1%          1
g - Mercury Vapours       Alch/Air       100%       N/A       1%          2
h - Momentum Strike       Conj/Tloc      100%       3d10      1%          2
i - Fulminant Prism       Conj/Alch      30%        3d15      1%          4
j - Alistair's Intoxicat  Alch           40%        N/A       1%          5
k - Borgnjor's Vile Clut  Necr/Erth      30%        N/A       1%          5
Your spell library was empty.

Dungeon Overview and Level Annotations

Branches:
Dungeon (10/15)            Temple (1/1) D:7            Lair (0/5) D:9
    Orc (2/2) D:10            Elf (0/3) Orc:2

Altars:
Ashenzari
Cheibriados
Dithmenos
Elyvilon
Fedhas
Gozag
Hepliaklqana
Makhleb
Nemelex Xobeh
Okawaru
Qazlal
Ru
Trog
Uskayaw
Wu Jian
Xom
Yredelemnul
Zin
The Shining One

Shops:
D:2 [   D:10 [   Orc:2 !?

Annotations:
D:3 2 transporters, Takeo's ghost, amateur SpSh
D:5 Prince Ribbit
Orc:2 Saint Roka


Innate Abilities, Weirdness & Mutations

You are immune to sickness and miasma.
You are immune to poison.
Your flesh is very heat resistant. (rF++)
You are vulnerable to cold. (rC-)
You float through the air rather than walking.
You learn spells naturally, not from books.
Your magical power is your life essence.
You have superior vitality. (+4 MHP)


Message History

Casting: Scorch (safe; 1% risk of failure)
Confirm with . or Enter, or press ? or * to list all spells.
Flames lash Saint Roka but do no damage.
Saint Roka says, "In the orcish mines, orcs kill the likes of YOU!"
Saint Roka shoots a bolt.
The bolt misses you.
Your fulminant prism explodes!
The blast of energy engulfs Saint Roka!!
Saint Roka is severely wounded.
Unknown command.
Unknown command.
Unknown command.
Unknown command.
Casting: Scorch (safe; 1% risk of failure)
Confirm with . or Enter, or press ? or * to list all spells.
Flames lash Saint Roka.
Saint Roka is severely wounded.
Saint Roka shoots a bolt.
The bolt hits you!
Casting: Scorch (safe; 1% risk of failure)
Confirm with . or Enter, or press ? or * to list all spells.
Flames lash Saint Roka but do no damage.
Saint Roka shoots a bolt.
The bolt hits you.
Casting: Scorch (safe; 1% risk of failure)
Confirm with . or Enter, or press ? or * to list all spells.
Flames lash Saint Roka.
Saint Roka is severely wounded.
Saint Roka mumbles some strange prayers to Beogh against you.
Beogh smites you!
Casting: Scorch (safe; 1% risk of failure)
Confirm with . or Enter, or press ? or * to list all spells.
Flames lash Saint Roka.
Saint Roka is severely wounded.
Saint Roka shoots a bolt.
The bolt hits you!!
* * * LOW HITPOINT WARNING * * *
Casting: Scorch (safe; 1% risk of failure)
Confirm with . or Enter, or press ? or * to list all spells.
Flames lash Saint Roka but do no damage.
* * * LOW HITPOINT WARNING * * *
Saint Roka shoots a bolt.
The bolt hits you!
You die...
Saint Roka roars, "Praise to Beogh!"

......).#### ##.##
........)#.# #...#
....<.#..[#.# ##)..##
......#......###..)..#
............[.#...)#).## .
.........[...[.#...#...###
...............##.##...*##
.......#......##.###..oo#
#......@...###...#####o.
#...........###.## ##.
#............#### ##
####.o....#.## #
#####........##
#.............#
##............##
##......##......##
##.......#........####


You could see Saint Roka (combustible).

Vanquished Creatures
  A boulder beetle (D:10)
  3 two-headed ogres
  Erica (D:10)
  Pikel (D:5)
  2 orc knights (Orc:2)
  4 orc sorcerers
  Joseph (D:10)
  5 kobold blastminers
  An orange demon (Orc:2)
  A komodo dragon (D:9)
  An ice devil (Orc:2)
  A tengu conjurer (D:10)
  2 trolls (D:10)
  Grinder (D:3)
  2 hornets
  Sigmund (D:5)
  9 yaks
  3 wraiths
  3 wargs
  A wyvern (D:9)
  Grum (D:10)
  2 steam dragons (D:8)
  A water moccasin (D:7)
  Pargi (D:3)
  A swamp drake (D:10)
  25 orc warriors
  A sky beast (D:4)
  3 ice beasts
  A black bear (D:6)
  4 ogres
  3 wolves (D:10)
  3 centaurs
  A phantom (D:6)
  5 kobold brigands
  8 bullfrogs
  A scorpion (D:5)
  15 wights
  6 killer bees
  7 electric eels (D:10)
  3 howler monkeys (D:7)
  2 jellies
  5 bombardier beetles
  4 hounds
  2 gnoll boudas
  23 orc priests
  5 sleepcaps
  3 iguanas (D:5)
  24 orc wizards
  Robin (D:3)
  16 gnolls
  9 adders
  2 ufetubi (D:4)
  2 dart slugs
  A ribbon worm (D:2)
  86 orcs
  5 ball pythons
  7 endoplasms
  2 giant cockroaches
  10 hobgoblins
  4 jackals (D:2)
  28 kobolds
  4 quokkas
  7 bats
  3 frilled lizards
  14 goblins
  3 rats
  A foxfire (Orc:2)
  33 fulminant prisms
442 creatures vanquished.

Vanquished Creatures (collateral kills)
  20 foxfires
20 creatures vanquished.

Vanquished Creatures (others)
  1221 foxfires
  81 fulminant prisms
1302 creatures vanquished.

Grand Total: 1764 creatures vanquished

Notes
Turn   | Place    | Note
-------+----------+-------------------------------------------
     0 | D:1      | shadizar the Djinni Fire Elementalist began the quest for
                  | the Orb.
     0 | D:1      | shadizar set off with the following spells memorised:
                  | Foxfire, Scorch, Volatile Blastmotes, Inner Flame, Flame
                  | Wave.
     0 | D:1      | Reached XP level 1. HP: 15/15 MP: 0/0
   132 | D:1      | Reached XP level 2. HP: 19/21 MP: 0/0
   952 | D:2      | Reached XP level 3. HP: 25/26 MP: 0/0
   952 | D:2      | Learned a level 1 spell: Summon Small Mammal
   969 | D:2      | Found Mitwet's Armour Shoppe.
  1102 | D:2      | Reached skill level 1 in Fighting
  1413 | D:2      | Reached XP level 4. HP: 31/33 MP: 0/0
  1827 | D:3      | Reached skill level 2 in Fighting
  2126 | D:3      | Found a transporter.
  2129 | D:3      | Noticed Takeo's ghost (amateur SpSh)
  2135 | D:3      | Found a transporter.
  2285 | D:3      | You are sucked into a shaft and drop 1 floor!
  2335 | D:4      | Reached XP level 5. HP: 31/39 MP: 0/0
  2335 | D:4      | Learned a level 2 spell: Mercury Vapours
  2501 | D:4      | Reached skill level 3 in Fighting
  2626 | D:4      | Reached XP level 6. HP: 43/46 MP: 0/0
  2989 | D:3      | Noticed Robin
  3001 | D:3      | Killed Robin
  3021 | D:3      | Reached skill level 4 in Fighting
  3343 | D:3      | Identified the +5 kite shield of the Elven Halls {Fly rC-
                  | rCorr Stlth+}
  3390 | D:3      | Noticed Grinder
  3405 | D:3      | Paralysed by Grinder for 3 turns
  3409 | D:3      | Killed Grinder
  3410 | D:3      | Reached skill level 5 in Spellcasting
  3410 | D:3      | Reached skill level 5 in Conjurations
  3410 | D:3      | Reached skill level 5 in Hexes
  3410 | D:3      | Reached skill level 5 in Summonings
  3410 | D:3      | Reached skill level 5 in Necromancy
  3410 | D:3      | Reached skill level 5 in Translocations
  3410 | D:3      | Reached skill level 5 in Fire Magic
  3410 | D:3      | Reached skill level 5 in Ice Magic
  3410 | D:3      | Reached skill level 5 in Air Magic
  3410 | D:3      | Reached skill level 5 in Earth Magic
  3410 | D:3      | Reached skill level 5 in Alchemy
  3410 | D:3      | Reached XP level 7. HP: 35/53 MP: 0/0
  3410 | D:3      | Learned a level 2 spell: Momentum Strike
  3478 | D:3      | Found a bloodstained altar of Trog.
  3522 | D:3      | Noticed Pargi
  3526 | D:3      | Killed Pargi
  3527 | D:3      | Reached skill level 5 in Fighting
  3893 | D:4      | Reached XP level 8. HP: 59/60 MP: 0/0
  4103 | D:4      | Reached skill level 6 in Fighting
  4188 | D:5      | Entered Level 5 of the Dungeon
  4188 | D:5      | Noticed Prince Ribbit
  4530 | D:5      | Reached skill level 7 in Fighting
  4539 | D:5      | Reached XP level 9. HP: 68/68 MP: 0/0
  4539 | D:5      | Learned a level 4 spell: Fulminant Prism
  4596 | D:5      | Noticed Sigmund
  4596 | D:5      | Noticed Pikel
  4620 | D:5      | Killed Pikel
  4621 | D:5      | Reached skill level 8 in Fighting
  4784 | D:5      | Killed Sigmund
  4864 | D:5      | Found a hazy altar of Hepliaklqana.
  5212 | D:6      | Reached skill level 9 in Fighting
  5248 | D:6      | Reached XP level 10. HP: 78/78 MP: 0/0
  5371 | D:6      | Found the +9 scales of the Dragon King {rPois rF+ rC+
                  | Will+}
  5893 | D:7      | Reached skill level 10 in Fighting
  5921 | D:7      | Found a staircase to the Ecumenical Temple.
  5960 | Temple   | Entered the Ecumenical Temple
  6048 | D:7      | Found a broken altar of Ashenzari.
  6055 | D:7      | Became a worshipper of Ashenzari the Shackled
  6518 | D:8      | Found a white marble altar of Elyvilon.
  6571 | D:8      | Found an opulent altar of Gozag.
  6638 | D:8      | Found a blossoming altar of Fedhas.
  6787 | D:8      | Reached * piety under Ashenzari
  6953 | D:8      | Reached skill level 11 in Fighting
  7348 | D:9      | Reached XP level 11. HP: 89/89 MP: 0/0
  7348 | D:9      | Learned a level 5 spell: Alistair's Intoxication
  7782 | D:9      | Noticed an orc sorcerer
  7783 | D:9      | Noticed a two-headed ogre
  7807 | D:9      | Killed a two-headed ogre
  7808 | D:9      | Reached skill level 12 in Fighting
  7819 | D:9      | Killed an orc sorcerer
  7876 | D:9      | Found a staircase to the Lair.
  7956 | D:9      | Reached ** piety under Ashenzari
  8063 | D:10     | Entered Level 10 of the Dungeon
  8159 | D:10     | Reached skill level 10 in Spellcasting
  8159 | D:10     | Reached skill level 10 in Conjurations
  8159 | D:10     | Reached skill level 10 in Hexes
  8159 | D:10     | Reached skill level 10 in Summonings
  8159 | D:10     | Reached skill level 10 in Necromancy
  8159 | D:10     | Reached skill level 10 in Translocations
  8159 | D:10     | Reached skill level 10 in Fire Magic
  8159 | D:10     | Reached skill level 10 in Ice Magic
  8159 | D:10     | Reached skill level 10 in Air Magic
  8159 | D:10     | Reached skill level 10 in Earth Magic
  8159 | D:10     | Reached skill level 10 in Alchemy
  8217 | D:10     | Noticed a boulder beetle
  8220 | D:10     | Noticed a two-headed ogre
  8220 | D:10     | Noticed Joseph
  8238 | D:10     | Killed a two-headed ogre
  8239 | D:10     | Killed Joseph
  8243 | D:10     | HP: 4/94 [boulder beetle (39)]
  8256 | D:10     | Killed a boulder beetle
  8268 | D:10     | Noticed a two-headed ogre
  8304 | D:10     | Killed a two-headed ogre
  8305 | D:10     | Reached skill level 13 in Fighting
  8305 | D:10     | Reached XP level 12. HP: 76/101 MP: 0/0
  8423 | D:10     | Found Visuce's Armour Emporium.
  8560 | D:10     | Noticed Erica
  8571 | D:10     | Killed Erica
  8587 | D:10     | Found an ornate altar of the Wu Jian Council.
  8615 | D:10     | Reached *** piety under Ashenzari
  8714 | D:10     | Noticed Grum
  8720 | D:10     | Killed Grum
  8954 | D:10     | Found a staircase to the Orcish Mines.
  9037 | D:10     | Found a stormy altar of Qazlal.
  9363 | Orc:1    | Entered Level 1 of the Orcish Mines
  9807 | Orc:2    | Entered Level 2 of the Orcish Mines
  9836 | Orc:2    | Reached skill level 14 in Fighting
  9970 | Orc:2    | Found Ryiry's Distillery.
  9996 | Orc:2    | Found Yzukiaci's Magic Scroll Boutique.
 10125 | Orc:2    | Reached XP level 13. HP: 68/111 MP: 0/0
 10125 | Orc:2    | Learned a level 5 spell: Borgnjor's Vile Clutch
 10235 | Orc:2    | Found a staircase to the Elven Halls.
 10298 | Orc:2    | Noticed Saint Roka
 10393 | Orc:2    | HP: 3/112 [Saint Roka/divine providence (11)]
 10467 | Orc:2    | Shot with a bolt by Saint Roka

Illustrated notes

Levels and vault maps discovered:
D:1:      onia_arrival_pentagram, layout_loops_ring
D:2:      layout_rooms, serial_forest, infiniplex_forest_clump_diagonal,
          infiniplex_forest_clump_small, infiniplex_forest_zigzag_1,
          infiniplex_forest_clump_C, infiniplex_forest_straight_4,
          infiniplex_forest_straight_4, serial_shops, shop_fountains,
          kennysheep_generic_room_9
D:3:      minmay_door_path, layout_loops_corners,
          nicolae_overflow_crystal_walls, gammafunk_ghost_mausoleum,
          minmay_misc_feat_columns, kennysheep_cross_bottleneck,
          hangedman_abyss_or_decor_stabs, uniq_robin, uniq_pargi, uniq_grinder
D:4:      layout_cave_pools
D:5:      layout_layer_cave, worldfamousw_hep_ancestral_shrine,
          kennysheep_boxes, uniq_sigmund, uniq_pikel, uniq_prince_ribbit1
D:6:      layout_loops_ring, kennysheep_doodads, nicolae_figureground_pulse
D:7:      layout_rooms, mainiacjoe_overflow_alcove_2, minmay_temple_entry_glass,
          hellmonk_no_cap
D:8:      layout_gridville, grunt_gozag_breadcrumbs,
          mainiacjoe_overflow_tiny_flanked, elyvilon_altar_4
D:9:      cheibrodos_wizards_tower, layout_basic, david_lair_shrubbed,
          serial_corexii_hall, chequers_hall_statues_corner_a,
          chequers_hall_statues_y
D:10:     layout_basic, lemuel_crystal_altar, lemuel_tele_altar,
          mainiacjoe_overflow_small_starburst, erik_orc_1, serial_shops,
          nicolae_shop_window_shopping, minmay_chambers_of_fives, uniq_joseph,
          uniq_erica, uniq_grum
Temple:   oiseaux_autumnal_temple
Orc:1:    layout_caves
Orc:2:    pf_orc_diabolical, layout_diamond_mine, uniq_saint_roka

Skill      XL: |  1  2  3  4  5  6  7  8  9 10 11 12 |
---------------+-------------------------------------+-----
Fighting       | 1 2 3 4 5 7 9 11 13 14 | 14.9
Spellcasting   | 4 5 6 7 9 10 11 | 11.9
Conjurations   | 4 5 6 7 9 10 11 | 11.9
Hexes          | 4 5 6 7 9 10 11 | 11.9
Summonings     | 4 5 6 7 9 10 11 | 11.9
Necromancy     | 4 5 6 7 9 10 11 | 11.9
Translocations | 4 5 6 7 9 10 11 | 11.9
Fire Magic     | 4 5 6 7 9 10 11 | 11.9
Ice Magic      | 4 5 6 7 9 10 11 | 11.9
Air Magic      | 4 5 6 7 9 10 11 | 11.9
Earth Magic    | 4 5 6 7 9 10 11 | 11.9
Alchemy        | 4 5 6 7 9 10 11 | 11.9
Dodging        | |  2.5
Stealth        | |  1.9

Action                     |  1- 3 |  4- 6 |  7- 9 | 10-12 | 13-15 || total
---------------------------+-------+-------+-------+-------+-------++-------
  Melee: Unarmed           |     1 |       |       |       |       ||     1
         Dagger            |       |     6 |     3 |       |       ||     9
         Flail             |       |       |       |     3 |       ||     3
   Cast: Foxfire           |   116 |   146 |   161 |   329 |    23 ||   775
         Scorch            |     3 |    26 |    30 |   275 |    20 ||   354
         Mercury Vapours   |       |     1 |       |    10 |       ||    11
         Fulminant Prism   |       |       |       |    72 |    42 ||   114
         Alistair's Intoxi |       |       |       |     1 |       ||     1
 Invoke: Curse Item        |       |       |       |     5 |       ||     5
    Use: Potion            |       |     3 |       |     4 |     4 ||    11
         Scroll            |       |       |    15 |     5 |       ||    20
 Armour: Robe              |     4 |    19 |     3 |       |       ||    26
         Skin              |       |    13 |       |       |       ||    13
         Troll leather arm |       |       |    12 |   130 |    10 ||   152
  Dodge: Dodged            |     5 |    18 |    10 |   188 |     9 ||   230
  Block: Buckler           |       |       |     3 |    37 |     1 ||    41

Table legend: (Time is in decaauts)
 A = Elapsed time spent in this place.
 B = Non-inter-level travel time spent in this place.
 C = Inter-level travel time spent in this place.
 D = Time resting spent in this place.
 E = Time spent auto-exploring this place.
 F = Levels seen in this place.
 G = Mean time per level.
                   A        B        C        D        E       F      G
               +--------+--------+--------+--------+--------+-----+--------+
         Total |  10458 |  10107 |    351 |      0 |   7144 |  13 |  804.5 |
       Dungeon |   9337 |   8987 |    350 |      0 |   6635 |  10 |  933.7 |
        Temple |     49 |     49 |      0 |      0 |      0 |   1 |   49.0 |
  Orcish Mines |   1071 |   1071 |      0 |      0 |    509 |   2 |  535.5 |
               +--------+--------+--------+--------+--------+-----+--------+

Top non-repeatable levels by time:
     D:3: 1604 daAuts
    D:10: 1321 daAuts
     D:2: 978 daAuts
     D:9: 856 daAuts
     D:1: 845 daAuts
     D:6: 841 daAuts
     D:4: 803 daAuts
     D:8: 772 daAuts
     D:5: 725 daAuts
   Orc:2: 592 daAuts
     D:7: 588 daAuts
   Orc:1: 479 daAuts
  Temple: 49 daAuts
